AoeStats
← rafaelarpad

Arabian Desert

510356105Analyzed
1v1 RM · 15h ago on Sep 30, 2026· 54m 30s· 2 players
Game mode
Random Map
Map size
Tiny (2 player)
Population
200
Speed
Normal
Resources
Standard
Victory
Conquest
Starting age
Dark Age
Ending age
Imperial Age
RankedLock teamsTeams togetherTeam positionsShared explorationLock speedFull tech treeHidden civsTurbo modeCheats
Victory
Defeat
🇦🇹 Vikings · Austria
1008
+17
🇨🇭 Khitans · Switzerland
1031
-17
Mike Hawks Incognito
2:38 Loom
11:05 Feudal Age
11:37 Man-at-Arms
12:24 Arson
14:40 Forging
14:37 Double-Bit Axe
18:07 Scale Mail Armor
26:43 Castle Age
30:30 Bow Saw
30:13 Horse Collar
30:59 Chain Mail Armor
33:37 Stone Mining
35:45 Fletching
36:31 Iron Casting
38:43 Bodkin Arrow
39:14 Ballistics
39:44 Padded Archer Armor
39:19 Elite Skirmisher
41:16 Town Watch
43:39 Pikeman
48:18 Imperial Age
45:49 Town Patrol
47:07 Leather Archer Armor
49:11 Bracer
49:45 Plate Mail Armor
50:45 Chemistry
50:11 Gold Mining
51:43 Two-Man Saw
50:51 Heavy Plow
52:09 Crop Rotation
53:27 Conscription
52:45 Elite Berserk
54:42 Blast Furnace
rafaelarpad
10:46 Feudal Age
11:42 Double-Bit Axe
11:51 Loom
15:46 Scale Barding Armor
15:55 Forging
16:59 Scale Barding Armor
25:44 Domestication
30:22 Castle Age
29:40 Fletching
32:32 Iron Casting
31:30 Light Cavalry
36:04 Pastoralism
36:14 Husbandry
40:02 Wheelbarrow
44:32 Bodkin Arrow
49:05 Scale Mail Armor
50:01 Chain Mail Armor
53:59 Wheelbarrow
Connection lost

Rejoining the realm…

Still unreachable

The connection could not be restored.

Session expired

The server has moved on; the page needs a fresh start.